Map: Redshift LE

Players

Filho

  • Race: Protoss Protoss
  • League: Master
  • Spawn Location: 7:00

Starlord - Winner!

  • Race: Protoss Protoss
  • League: Grandmaster
  • Spawn Location: 11:00

VOD

Have the link to the VOD?

Description

Time

  • Played on: May 27, 2018, 9:51 p.m.
  • Length: 8:07
Show
View Real Time Build Order
Export as new Build Order

Filho Protoss 

Build Orders:  

Get SALT Encoding   

  1  0:00  Probe  
  12  0:05  Probe  
  14  0:19  Pylon  
  14  0:21  Probe  
  15  0:37  Probe  
  15  0:38  Gateway  
  16  0:48  Assimilator  
  16  0:49  Probe  
  17  0:54  Assimilator  
  17  1:01  Probe  
  18  1:13  Probe  
  18  1:16  Zealot  
  19  1:25  Probe  
  22  1:28  Cybernetics Core  
  22  1:37  Probe  
  23  1:51  Pylon  
  23  1:56  Warp Gate  
  23  2:09  Probe  
  23  2:12  Gateway  
  24  2:17  Stalker  
  24  2:21  Probe  
  27  2:33  Probe  
  28  2:38  Gateway  
  28  2:47  Pylon  
  28  2:49  Zealot  
  28  2:50  Robotics Facility  
  30  2:56  Assimilator  
  30  3:13  Stalker  
  32  3:25  Pylon  
  32  3:27  Warp Prism  
  32  3:28  Stalker  
  36  3:58  Pylon  
  36  4:03  Immortal  
  40  4:19  Stalker  
  40  4:20  Stalker x2  
  46  4:43  Stalker x3  
  30  5:17  Stalker x3  
  35  5:33  Immortal  
  35  5:35  Probe  
  39  5:45  Stalker x2  
  41  6:05  Immortal  
  41  6:15  Stalker  
  43  6:23  Pylon  
  36  6:42  Stalker x2  
  40  6:53  Pylon  
  40  7:12  Stalker  
Show
View Real Time Build Order
Export as new Build Order

Starlord Protoss - Winner!

Build Orders:  

Get SALT Encoding   

  12  0:03  Probe  
  13  0:15  Probe  
  13  0:19  Pylon  
  14  0:27  Probe  
  15  0:35  Probe  
  16  0:43  Probe, Forge  
  17  1:00  Pylon  
  17  1:01  Probe  
  18  1:14  Probe, Pylon  
  19  1:25  Gateway  
  19  1:26  Probe  
  20  1:36  Assimilator  
  20  1:39  Assimilator, Probe  
  21  1:44  Assimilator  
  21  1:52  Probe  
  22  1:56  Gateway  
  22  2:06  Probe  
  23  2:15  Cybernetics Core  
  23  2:32  Pylon  
  23  2:39  Pylon  
  23  2:41  Warp Gate  
  23  2:50  Probe  
  26  2:52  Stalker x2  
  28  3:00  Stargate  
  28  3:09  Probe  
  29  3:19  Nexus  
  29  3:27  Stalker  
  29  3:32  Zealot  
  33  3:37  Void Ray  
  37  3:55  Pylon  
  37  3:58  Probe  
  38  4:10  Void Ray  
  38  4:13  Zealot  
  44  4:26  Shield Battery  
  44  4:48  Stalker  
  44  4:50  Stalker  
  48  5:12  Oracle  
  48  5:14  Stalker  
  44  5:15  Probe  
  44  5:18  Probe  
  49  5:28  Probe  
  49  5:29  Probe  
  49  5:32  Robotics Facility  
  51  5:37  Probe  
  51  5:42  Probe  
  53  5:43  Sentry  
  53  5:48  Probe  
  56  5:50  Pylon  
  56  5:54  Probe  
  53  6:12  Probe  
  53  6:16  Stalker, Sentry  
  53  6:17  Probe  
  59  6:19  Assimilator  
  59  6:23  Twilight Council  
  59  6:24  Probe, Pylon  
  60  6:28  Assimilator  
  60  6:29  Probe  
  60  6:39  Immortal  
  57  6:51  Probe x2  
  61  7:03  Probe  
  61  7:04  Zealot x2  
  64  7:09  Immortal, Pylon  
  64  7:10  Probe, Pylon  
  67  7:25  Gateway  
  67  7:26  Gateway, Probe x2  
  69  7:30  Sentry  
  69  7:31  Stalker  
  71  7:38  Probe  
  52  8:00  Zealot x2  
Tags
 
Add a new tag
Caveats
  • Supply blocks, unpowered buildings, or Contaminate may cause inaccurate times.
  • Supply counts are checked every 10 seconds.